 Dungeon Crawl Stone Soup version 0.30-a0-1008-g30c9307041 (webtiles) character file.

Game seed: 14165216251410654068

2116 NinjaNoafa the Sneak (level 9, -4/56 HPs)
             Began as an Octopode Transmuter on Apr 5, 2023.
             Was an Initiate of Cheibriados.
             Shot with an arrow by a centaur (9 damage)
             ... on level 6 of the Dungeon.
             The game lasted 00:14:49 (4405 turns).

NinjaNoafa the Sneak (Octopode Transmuter)          Turns: 4405, Time: 00:14:50

Health: -4/56      AC:  2    Str: 10    XL:     9   Next: 29%
Magic:  15/15      EV: 22    Int: 31    God:    Cheibriados [......]
Gold:   349        SH:  0    Dex: 25    Spells: 10/16 levels left

rFire   + . .      SeeInvis .      - Unarmed
rCold   x . .      Faith    +    (shield currently unavailable)
rNeg    . . .      Spirit   .    (helmet currently unavailable)
rPois   .          Reflect  .    x - amulet of Xom's Sleight of Hands {Faith +Inv Int+5}
rElec   .          Rampage  .    l - +6 ring of dexterity
rCorr   .                        r - +6 ring of intelligence
Will    .....                    p - ring of poison resistance
Stlth   ++++                     o - ring of fire
HPRegen 0.29/turn                (no ring)
MPRegen 0.14/turn                (no ring)
                                 (no ring)
                                 (no ring)

@: brilliant, spider-form (expiring), very slow
A: venomous fangs, almost no armour, (amphibious), 8 rings, tiny, (camouflage
1), (gelatinous body 1), (nimble swimmer 1), (tentacles), passive freeze
a: End Transformation, Renounce Religion, Evoke Invisibility


You were on level 6 of the Dungeon.
You worshipped Cheibriados.
Cheibriados was noncommittal.
You were a venomous arachnid creature.
You visited 1 branch of the dungeon, and saw 6 of its levels.

You collected 349 gold pieces.

Inventory:

Missiles
 d - 4 boomerangs
 f - 7 poisoned darts
 u - 6 atropa-tipped darts
Magical Staves
 n - a staff of conjuration
Jewellery
 l - a +6 ring of dexterity (left front pincers)
 o - a ring of fire (on tentacle)
 p - a ring of poison resistance (on tentacle)
 r - a +6 ring of intelligence (right front pincers)
 x - the amulet of Xom's Sleight of Hands (around neck) {Faith +Inv Int+5}
   (You found it on level 5 of the Dungeon)

   [amulet of faith]

   It allows you to gain divine favour quickly.
   Int:       It affects your intelligence (+5).
   +Inv:      It lets you turn invisible.
Wands
 g - a wand of acid (5)
 k - a wand of charming (8)
 y - a wand of roots (7)
Scrolls
 a - 3 scrolls of amnesia
 b - a scroll of silence {unknown}
 c - a scroll of vulnerability {unknown}
 e - 2 scrolls of poison
 h - a scroll of blinking
 i - a scroll of butterflies {unknown}
 t - a scroll of magic mapping {unknown}
 v - a scroll of acquirement {unknown}
Potions
 j - a potion of resistance {unknown}
 m - 4 potions of mutation


   Skills:
 + Level 3.0 Fighting
 - Level 3.4 Dodging
 - Level 6.9 Stealth
 - Level 5.1 Unarmed Combat
 - Level 4.0 Spellcasting
 - Level 5.0 Transmutations
 - Level 4.0 Ice Magic
 - Level 2.7 Air Magic
 - Level 4.0 Poison Magic
 - Level 2.5 Evocations


You had 10 spell levels left.
You knew the following spells:

 Your Spells              Type           Power      Damage    Failure   Level
a - Wereblood             Tmut           54%        N/A       5%          2
b - Spider Form           Tmut/Pois      50%        N/A       10%         3
i - Beastly Appendage     Tmut           100%       N/A       4%          1

Your spell library contained the following spells:

 Spells                   Type           Power      Damage    Failure   Level
 Sublimation of Blood     Necr           9%         N/A       22%         2
 Ice Form                 Ice/Tmut       50%        N/A       24%         4
 Petrify                  Tmut/Erth      32%        N/A       43%         4
 Irradiate                Conj/Tmut      16%        3d17      73%         5
 Summon Forest            Summ/Tloc      4%         N/A       95%         5
 Summon Mana Viper        Hex/Summ       9%         N/A       95%         5
 Summon Cactus Giant      Summ           4%         N/A       100%        6


Dungeon Overview and Level Annotations

Branches:
Dungeon (6/15)
 Temple: D:4-7

Altars:
Cheibriados
Nemelex Xobeh
Vehumet
Yredelemnul

Shops:
D:1 :


Innate Abilities, Weirdness & Mutations

You are a venomous arachnid creature.
You have venomous fangs.
You are tiny and dextrous.
Your spellcasting is less reliable in this form.
Your armour is entirely melded.
You are incapable of wielding weapons or throwing items.
You cannot wear most types of armour.
((You are amphibious.))
You can wear up to eight rings at the same time.
((Your skin changes colour to match your surroundings (Stealth+).))
((Your rubbery body absorbs attacks. (AC +1, EV +1)))
((You are camouflaged when in or above water. (Stealth+)))
((You have tentacles for arms and can constrict up to eight enemies at once.))
A frigid envelope surrounds you and freezes all who hurt you.


Message History

Something shouts, "Leave, thou beslubbering dread-bolted clotpole!"
You hiss as the wereblood boils in your veins!
Your primal bloodlust is almost over.
You hiss as the wereblood boils in your veins!
The centaur unwields a +0 hand axe.
The centaur wields a +0 shortbow.
The centaur shoots an arrow.
The arrow completely misses you.
Your primal bloodlust has ended.
The centaur shoots an arrow.
The arrow misses you.
The centaur shoots an arrow.
The arrow hits you!
* * * LOW HITPOINT WARNING * * *
It was a potion of brilliance.
You feel clever all of a sudden.
The centaur shoots an arrow.
The arrow barely misses you.
The centaur shoots an arrow.
The arrow completely misses you.
The centaur shoots an arrow.
The arrow misses you.
The centaur shoots an arrow.
The arrow barely misses you.
You feel better.
The centaur shoots an arrow.
The arrow completely misses you.
The centaur shoots an arrow.
The arrow closely misses you.
The centaur shoots an arrow.
The arrow completely misses you.
The centaur shoots an arrow.
The arrow misses you.
The centaur shoots an arrow.
The arrow completely misses you.
The centaur shoots an arrow.
The arrow hits you.
* * * LOW HITPOINT WARNING * * *
The centaur shoots an arrow. x2; The arrow closely misses you.
You flicker for a moment.
The centaur shoots an arrow.
The arrow misses you.
The centaur shoots an arrow.
The arrow hits you.
* * * LOW HITPOINT WARNING * * *
The centaur shoots an arrow. x2
The centaur shoots an arrow.
You flicker back into view.
The centaur shoots an arrow.
The arrow hits you.
* * * LOW HITPOINT WARNING * * *
The centaur shoots an arrow.
The arrow closely misses you.
The centaur shoots an arrow.
The arrow completely misses you.
The centaur shoots an arrow.
The arrow closely misses you.
Your transformation is almost over.
The centaur shoots an arrow.
The arrow completely misses you.
The centaur shoots an arrow.
The arrow hits you!
You die...

........###.# #.# ########
#######.# #.# #.# #....[.. # #.#
#.# #.# #....... # #.# #.###.##
#..##### # #.#
#.##...#########..####. # #.#
#..<.#.........#..##... # #.#
####...#######.#..##.#. # #.#
##.########)#..##.## #
#.s....c......##.## #######.##
##########.##.##.## ..........#
#.##.##.## #######...# #.##.##.##
########..# #.##.##.# #....)....#
#.##.##.## #.(.###...#
############c...#....
#...#.#...###....c............###
....#'#.......############...)...


You could see a centaur.

Vanquished Creatures
  Sigmund (D:3)
  A human (D:6)
  A steam dragon (D:6)
  Duvessa (D:4)
  A sky beast (D:6)
  3 ogres
  2 ice beasts
  A centaur (D:4)
  A phantom (D:5)
  3 scorpions
  Dowan (D:4)
  A howler monkey (D:5)
  A jelly (D:6)
  2 hounds
  An orc priest (D:5)
  3 iguanas
  A human skeleton (D:6)
  8 orc wizards
  Ijyb (D:4)
  A mummy (D:5)
  7 adders
  An ufetubus (D:5)
  2 worms
  3 dart slugs
  20 orcs
  6 ball pythons
  4 bats
  9 endoplasms
  2 giant cockroaches
  10 goblins
  10 hobgoblins
  6 jackals
  5 quokkas
  3 frilled lizards
  3 kobolds
  6 rats
132 creatures vanquished.

Vanquished Creatures (others)
  An orc (D:4)
  A fungus (D:6)
  3 plants
5 creatures vanquished.

Grand Total: 137 creatures vanquished

Notes
Turn   | Place    | Note
-------+----------+-------------------------------------------
     0 | D:1      | NinjaNoafa the Octopode Transmuter began the quest for the
                  | Orb.
     0 | D:1      | Reached XP level 1. HP: 13/13 MP: 3/3
    31 | D:1      | Found Usump's Book Boutique.
   119 | D:1      | Reached XP level 2. HP: 13/18 MP: 3/5
   122 | D:1      | Learned a level 2 spell: Wereblood
   333 | D:1      | Reached skill level 1 in Stealth
   733 | D:2      | Reached XP level 3. HP: 23/23 MP: 4/6
   873 | D:2      | Reached skill level 2 in Stealth
   882 | D:2      | Reached XP level 4. HP: 28/28 MP: 5/7
  1204 | D:3      | Found a radiant altar of Vehumet.
  1242 | D:3      | Reached skill level 3 in Stealth
  1276 | D:3      | Found a sparkling altar of Nemelex Xobeh.
  1319 | D:3      | Noticed Sigmund
  1335 | D:3      | Killed Sigmund
  1336 | D:3      | Reached skill level 4 in Stealth
  1336 | D:3      | Reached XP level 5. HP: 24/33 MP: 5/9
  1336 | D:3      | Reached XP level 6. HP: 27/38 MP: 5/10
  1345 | D:3      | Learned a level 3 spell: Spider Form
  1849 | D:4      | Noticed Duvessa
  1854 | D:4      | Noticed Dowan
  2013 | D:4      | Noticed Ijyb
  2150 | D:4      | Killed Ijyb
  2465 | D:4      | Reached XP level 7. HP: 41/43 MP: 4/12
  2531 | D:4      | Killed Duvessa
  2532 | D:4      | Reached skill level 5 in Transmutations
  2545 | D:4      | Killed Dowan
  2846 | D:5      | Entered Level 5 of the Dungeon
  2973 | D:5      | Identified the amulet of Xom's Sleight of Hands {Faith +Inv
                  | Int+5}
  3011 | D:5      | Reached XP level 8. HP: 25/50 MP: 10/14
  3095 | D:5      | Reached skill level 5 in Stealth
  3556 | D:5      | Reached skill level 5 in Unarmed Combat
  3673 | D:5      | Reached skill level 6 in Stealth
  3673 | D:5      | Reached skill level 1 in Evocations
  3690 | D:5      | Found a snail-covered altar of Cheibriados.
  3704 | D:5      | Became a worshipper of Cheibriados the Contemplative
  3933 | D:6      | Gained mutation: A frigid envelope surrounds you and
                  | freezes all who hurt you. [potion of mutation]
  4133 | D:6      | Reached skill level 1 in Air Magic
  4175 | D:6      | Reached XP level 9. HP: 35/55 MP: 11/15
  4313 | D:6      | Found a runed translucent door.
  4322 | D:6      | Found a basalt altar of Yredelemnul.
  4384 | D:6      | HP: 2/56 [centaur/arrow (10)]
  4405 | D:6      | Shot with an arrow by a centaur

Illustrated notes

Levels and vault maps discovered:
D:1:      tarquinn_simple_flora_water_b, layout_basic, serial_shops,
          nicolae_shop_trees, minivault_14, kennysheep_another_room
D:2:      layout_rooms
D:3:      layout_rooms, mainiacjoe_overflow_tiny_flanked, marbit_many_paths,
          uniq_sigmund
D:4:      layout_loops_ring, uniq_duvessa, uniq_ijyb
D:5:      layout_basic, slow_altar_2, serial_bayou_crossing
D:6:      layout_loops_ring, grunt_temple_overflow_forces_of_nature,
          mainiacjoe_overflow_six_doors_small, dk_yredelemnul_ordeal

Skill      XL: |  1  2  3  4  5  6  7  8  9 |
---------------+----------------------------+-----
Stealth        | 1 2 4 6 |  6.9
Transmutations | 3 4 5 |  5.0
Spellcasting   | 3 4 |  4.0
Poison Magic   | 2 3 4 |  4.0
Fighting       | 2 3 |  3.0
Unarmed Combat | 4 5 |  5.1
Dodging        | 3 |  3.4
Evocations     | 2 |  2.5
Air Magic      | 2 |  2.7
Ice Magic      | 4 |  4.0

Action                     |  1- 3 |  4- 6 |  7- 9 || total
---------------------------+-------+-------+-------++-------
  Melee: Unarmed           |    73 |   117 |   191 ||   381
         Tentacles         |    15 |    10 |     2 ||    27
         Kick              |    13 |    15 |       ||    28
         Constrict         |    15 |    14 |     1 ||    30
         Punch             |     1 |     2 |       ||     3
   Cast: Beastly Appendage |    15 |     8 |       ||    23
         Wereblood         |     5 |    16 |    17 ||    38
         Spider Form       |       |    14 |    18 ||    32
  Evoke: Wand              |       |       |     1 ||     1
    Use: Potion            |     1 |     1 |     7 ||     9
         Scroll            |       |     3 |     1 ||     4
   Stab: Sleeping          |     7 |     8 |     2 ||    17
         Distracted        |       |     1 |       ||     1
         Invisible         |       |       |     1 ||     1
 Armour: Skin              |    35 |     4 |    10 ||    49
  Dodge: Dodged            |    42 |   102 |   190 ||   334

Table legend: (Time is in decaauts)
 A = Elapsed time spent in this place.
 B = Non-inter-level travel time spent in this place.
 C = Inter-level travel time spent in this place.
 D = Time resting spent in this place.
 E = Time spent auto-exploring this place.
 F = Levels seen in this place.
 G = Mean time per level.
                   A        B        C        D        E       F      G
               +--------+--------+--------+--------+--------+-----+--------+
         Total |   4517 |   4208 |    309 |    704 |   2196 |   6 |  752.8 |
       Dungeon |   4517 |   4208 |    309 |    704 |   2196 |   6 |  752.8 |
               +--------+--------+--------+--------+--------+-----+--------+

Top non-repeatable levels by time:
     D:4: 1075 daAuts
     D:5: 946 daAuts
     D:3: 913 daAuts
     D:1: 723 daAuts
     D:2: 461 daAuts
     D:6: 396 daAuts
